General information
			
			
        
        - name: BNet
 
        - type: Ladder team game (AT/RT)
 
        - host: Battle.net
 
        - saver: NegerAUSPEITSCH
 
        
map: Highperch 
        - players: 6
 
        - length: 989:13
 
        - speed: Fast
 - version: 1.22 W3XP
 - replay type:  Public
 
» download(1686 KB)
Players
        team 1 (loser) 
              
              
eSiS.laeuft (
blue | 30 APM | 3455 actions | 114:37)
              
 5 Dreadlord 
 2 Vampiric Aura
 3 Carrion Swarm
 
                » actions 
                
                | Assign group hotkey | 14 |  | 
| Build / train | 83 |  | 
| Enter build submenu | 24 |  | 
| Enter hero's abilities submenu | 7 |  | 
| Remove unit from queue | 2 |  | 
| Right click | 1659 |  | 
| Select / deselect | 585 |  | 
| Select group hotkey | 988 |  | 
| Use ability | 93 |  | 
                3455 total
 » units 
                
                | Acolyte | 6 |  | 
| Ghoul | 5 |  | 
| Crypt Fiend | 10 |  | 
| Obsidian Statue | 3 |  | 
| Abomination | 8 |  | 
| Frost Wyrm | 11 |  | 
| Gargoyle | 20 |  | 
                63 total
 » upgrades
                
                | Web | 1 |  | 
| Burrow | 1 |  | 
| Destroyer Form | 1 |  | 
| Disease Cloud | 1 |  | 
| Freezing Breath | 1 |  | 
| Creature Carapace | 1 |  | 
| Creature Attack | 1 |  | 
| Stone Form | 1 |  | 
                8 total
 » buildings
                
                | Ziggurat | 9 |  | 
| Altar of Darkness | 1 |  | 
| Crypt | 1 |  | 
| Graveyard | 2 |  | 
| Tomb of Relics | 1 |  | 
| Halls of the Dead | 1 |  | 
| Slaughterhouse | 1 |  | 
| Black Citadel | 1 |  | 
| Sacrificial Pit | 1 |  | 
| Boneyard | 1 |  | 
                19 total
 » build order
                00:08 Ziggurat
00:10 Altar of Darkness
00:13 Crypt
01:44 Graveyard
01:54 Ziggurat
02:31 Ziggurat
02:59 Tomb of Relics
03:37 Ziggurat
05:52 Halls of the Dead
07:24 Ziggurat
08:40 Slaughterhouse
08:42 Black Citadel
15:48 Ziggurat
16:46 Ziggurat
17:18 Sacrificial Pit
17:23 Ziggurat
19:10 Boneyard
20:38 Ziggurat
59:28 Graveyard
» items
                
                | Rod of Necromancy | 1 |  | 
| Staff of Teleportation | 1 |  | 
                2 total
  
               
              
              
eSiS.weezy (
green | 5 APM | 4030 actions | 787:19)
              
 5 Demon Hunter 
 2 Mana Burn
 3 Immolation
 
                » actions 
                
                | Assign group hotkey | 1 |  | 
| Basic commands | 28 |  | 
| Build / train | 195 |  | 
| Enter build submenu | 23 |  | 
| Enter hero's abilities submenu | 5 |  | 
| Give item / drop item | 1 |  | 
| Remove unit from queue | 9 |  | 
| Right click | 1820 |  | 
| Select / deselect | 1764 |  | 
| Select group hotkey | 8 |  | 
| Use ability | 174 |  | 
                4030 total
 » units 
                
                | Wisp | 47 |  | 
| Archer | 5 |  | 
| Huntress | 11 |  | 
| Dryad | 11 |  | 
| Glaive Thrower | 10 |  | 
| Druid of the Claw | 3 |  | 
| Faerie Dragon | 1 |  | 
| Druid of the Talon | 19 |  | 
| Hippogryph | 47 |  | 
                154 total
 » upgrades
                
                | Ultravision | 1 |  | 
| Strength of the Moon | 3 |  | 
| Abolish Magic | 1 |  | 
| Upgrade Moon Glaive | 1 |  | 
| Well Spring | 1 |  | 
| Druid of the Claw Training | 2 |  | 
| Mark of the Claw | 1 |  | 
| Vorpal Blades | 1 |  | 
| Druid of the Talon Training | 2 |  | 
| Mark of the Talon | 1 |  | 
| Hippogryph Taming | 1 |  | 
| Strength of the Wild | 3 |  | 
| Moon Armor | 3 |  | 
| Reinforced Hides | 4 |  | 
                25 total
 » buildings
                
                | Ancient of War | 1 |  | 
| Moon Well | 11 |  | 
| Altar of Elders | 1 |  | 
| Hunter's Hall | 1 |  | 
| Tree of Ages | 1 |  | 
| Ancient of Wonders | 1 |  | 
| Ancient of Lore | 1 |  | 
| Tree of Eternity | 1 |  | 
| Ancient of Wind | 2 |  | 
| Tree of Life | 3 |  | 
                23 total
 » build order
                00:10 Ancient of War
00:16 Moon Well
00:34 Altar of Elders
01:49 Moon Well
02:58 Hunter's Hall
03:04 Moon Well
03:44 Tree of Ages
03:58 Ancient of Wonders
05:44 Moon Well
05:52 Moon Well
06:45 Ancient of Lore
07:32 Tree of Eternity
14:35 Moon Well
14:38 Moon Well
16:34 Ancient of Wind
18:08 Tree of Life
24:38 Moon Well
34:16 Tree of Life
54:08 Ancient of Wind
58:26 Moon Well
58:27 Moon Well
58:28 Moon Well
88:53 Tree of Life
 
               
              
              
majobu (
yellow | 31 APM | 3546 actions | 114:01)
              
 7 Archmage 
 3 Summon Water Elemental
 3 Brilliance Aura
 1 Mass Teleport
 1 Mountain King 
 1 Storm Bolt
 
                » actions 
                
                | Assign group hotkey | 42 |  | 
| Basic commands | 6 |  | 
| Build / train | 200 |  | 
| Enter build submenu | 58 |  | 
| Enter hero's abilities submenu | 9 |  | 
| Give item / drop item | 7 |  | 
| Remove unit from queue | 4 |  | 
| Right click | 1911 |  | 
| Select / deselect | 961 |  | 
| Select group hotkey | 237 |  | 
| Use ability | 110 |  | 
                3546 total
 » units 
                
                | Peasant | 14 |  | 
| Footman | 5 |  | 
| Rifleman | 14 |  | 
| Priest | 11 |  | 
| Dragonhawk Rider | 1 |  | 
| Siege Engine | 3 |  | 
| Gryphon Rider | 4 |  | 
| Mortar Team | 3 |  | 
| Flying Machine | 93 |  | 
                148 total
 » upgrades
                
                | Priest Training | 1 |  | 
| Long Rifles | 1 |  | 
| Lumber Harvesting | 1 |  | 
| Flying Machine Bombs | 1 |  | 
| Flak Cannons | 1 |  | 
| Gunpowder | 3 |  | 
| Plating | 3 |  | 
| Masonry | 1 |  | 
                12 total
 » buildings
                
                | Altar of Kings | 2 |  | 
| Farm | 17 |  | 
| Barracks | 1 |  | 
| Blacksmith | 1 |  | 
| Keep | 1 |  | 
| Arcane Vault | 1 |  | 
| Arcane Sanctum | 1 |  | 
| Lumber Mill | 2 |  | 
| Gryphon Aviary | 1 |  | 
| Castle | 1 |  | 
| Workshop | 1 |  | 
| Town Hall | 2 |  | 
| Scout Tower | 43 |  | 
| Guard Tower | 17 |  | 
| Arcane Tower | 4 |  | 
                95 total
 » build order
                00:08 Altar of Kings
00:14 Farm
00:56 Barracks
01:19 Farm
02:02 Blacksmith
02:59 Farm
03:22 Keep
04:02 Farm
04:49 Farm
05:15 Arcane Vault
05:30 Farm
06:23 Arcane Sanctum
06:33 Lumber Mill
08:12 Farm
08:43 Farm
09:13 Farm
13:55 Gryphon Aviary
14:40 Farm
14:43 Farm
14:44 Castle
16:59 Workshop
21:34 Town Hall
29:25 Town Hall
46:54 Farm
46:56 Farm
50:38 Farm
63:37 Farm
81:07 Farm
81:51 Scout Tower
82:42 Scout Tower
83:26 Scout Tower
83:54 Scout Tower
84:05 Guard Tower
84:22 Scout Tower
84:56 Scout Tower
85:25 Arcane Tower
85:29 Scout Tower
86:00 Guard Tower
86:02 Scout Tower
86:31 Guard Tower
86:35 Scout Tower
87:37 Guard Tower
94:44 Lumber Mill
95:47 Guard Tower
95:51 Scout Tower
95:59 Scout Tower
96:29 Guard Tower
96:50 Guard Tower
96:55 Scout Tower
97:22 Guard Tower
97:27 Scout Tower
97:54 Guard Tower
98:03 Scout Tower
98:37 Guard Tower
98:42 Scout Tower
99:16 Guard Tower
99:18 Farm
99:55 Scout Tower
100:22 Guard Tower
100:35 Altar of Kings
101:07 Scout Tower
101:34 Guard Tower
101:38 Scout Tower
102:06 Guard Tower
103:10 Scout Tower
103:25 Scout Tower
103:26 Scout Tower
103:28 Scout Tower
103:31 Scout Tower
103:35 Scout Tower
103:39 Scout Tower
103:42 Scout Tower
103:43 Scout Tower
103:44 Scout Tower
103:46 Scout Tower
103:48 Scout Tower
103:52 Scout Tower
103:54 Scout Tower
103:56 Scout Tower
103:58 Scout Tower
103:58 Scout Tower
104:01 Scout Tower
104:03 Scout Tower
104:04 Scout Tower
104:05 Scout Tower
104:06 Scout Tower
104:07 Scout Tower
108:25 Guard Tower
109:16 Guard Tower
109:30 Arcane Tower
110:01 Arcane Tower
110:22 Scout Tower
110:49 Arcane Tower
110:53 Scout Tower
112:40 Guard Tower
» items
                
                | Scroll of Regeneration | 2 |  | 
| Scroll of Town Portal | 1 |  | 
                3 total
  
               team 2 (winner) 
              
              
DuHurenbock (
red | 10 APM | 5028 actions | 500:48)
              
 9 Blademaster 
 3 Wind Walk
 3 Critical Strike
 1 Bladestorm
 2 Mirror Image
 3 Shadow Hunter 
 2 Healing Wave
 1 Serpent Ward
 
                » actions 
                
                | Assign group hotkey | 6 |  | 
| Basic commands | 28 |  | 
| Build / train | 58 |  | 
| Enter build submenu | 50 |  | 
| Enter hero's abilities submenu | 13 |  | 
| Give item / drop item | 10 |  | 
| Remove unit from queue | 3 |  | 
| Right click | 3624 |  | 
| Select / deselect | 979 |  | 
| Select group hotkey | 2 |  | 
| Use ability | 255 |  | 
                5028 total
 » units 
                » upgrades
                
                | Spiked Barricades | 2 |  | 
| Reinforced Defenses | 1 |  | 
                3 total
 » buildings
                
                | Altar of Storms | 1 |  | 
| Orc Burrow | 7 |  | 
| War Mill | 1 |  | 
| Watch Tower | 24 |  | 
| Voodoo Lounge | 1 |  | 
| Stronghold | 1 |  | 
| Fortress | 1 |  | 
| Beastiary | 2 |  | 
                38 total
 » build order
                00:07 Altar of Storms
00:14 Orc Burrow
00:38 War Mill
01:57 Watch Tower
02:18 Watch Tower
03:06 Voodoo Lounge
03:10 Watch Tower
03:12 Watch Tower
03:41 Watch Tower
03:55 Stronghold
04:37 Watch Tower
04:47 Watch Tower
04:56 Watch Tower
05:31 Watch Tower
06:21 Fortress
06:37 Watch Tower
07:05 Beastiary
07:39 Orc Burrow
08:15 Watch Tower
08:40 Watch Tower
09:14 Beastiary
09:30 Watch Tower
10:00 Orc Burrow
10:54 Watch Tower
11:24 Orc Burrow
12:54 Watch Tower
13:00 Watch Tower
13:23 Orc Burrow
14:12 Watch Tower
14:42 Watch Tower
15:42 Watch Tower
16:00 Watch Tower
16:11 Watch Tower
16:18 Orc Burrow
16:22 Watch Tower
16:24 Watch Tower
16:29 Watch Tower
22:06 Orc Burrow
» items
                
                | Healing Salve | 3 |  | 
| Lesser Clarity Potion | 3 |  | 
| Staff of Teleportation | 3 |  | 
| Orb of Lightning | 1 |  | 
| Boots of Speed | 1 |  | 
| Mechanical Critter | 2 |  | 
                13 total
  
               
              
              
Enis-dein-Vater (
teal | 10 APM | 2707 actions | 272:55)
              
 3 Pandaren Brewmaster 
 2 Breath of Fire
 1 Drunken Haze
 
                » actions 
                
                | Assign group hotkey | 22 |  | 
| Basic commands | 5 |  | 
| Build / train | 38 |  | 
| Enter build submenu | 18 |  | 
| Enter hero's abilities submenu | 4 |  | 
| Give item / drop item | 5 |  | 
| Right click | 1615 |  | 
| Select / deselect | 869 |  | 
| Select group hotkey | 14 |  | 
| Use ability | 117 |  | 
                2707 total
 » units 
                
                | Acolyte | 3 |  | 
| Ghoul | 7 |  | 
| Gargoyle | 1 |  | 
| Frost Wyrm | 2 |  | 
                13 total
 » upgrades
                
                | Creature Attack | 2 |  | 
| Creature Carapace | 1 |  | 
| Stone Form | 1 |  | 
                4 total
 » buildings
                
                | Graveyard | 1 |  | 
| Crypt | 1 |  | 
| Altar of Darkness | 1 |  | 
| Ziggurat | 8 |  | 
| Nerubian Tower | 1 |  | 
| Spirit Tower | 5 |  | 
| Halls of the Dead | 1 |  | 
| Tomb of Relics | 1 |  | 
| Black Citadel | 1 |  | 
| Sacrificial Pit | 1 |  | 
| Slaughterhouse | 1 |  | 
| Boneyard | 1 |  | 
                23 total
 » build order
                00:07 Graveyard
00:09 Crypt
00:41 Altar of Darkness
00:57 Ziggurat
01:38 Ziggurat
01:55 Nerubian Tower
02:34 Spirit Tower
03:00 Halls of the Dead
03:56 Ziggurat
04:36 Ziggurat
04:43 Ziggurat
05:05 Tomb of Relics
05:38 Spirit Tower
05:42 Spirit Tower
06:11 Black Citadel
06:37 Ziggurat
06:44 Ziggurat
07:31 Sacrificial Pit
07:41 Spirit Tower
08:31 Slaughterhouse
08:39 Boneyard
09:05 Spirit Tower
09:09 Ziggurat
» items
                
                | Staff of Teleportation | 1 |  | 
| Lesser Clarity Potion | 2 |  | 
| Scroll of Speed | 2 |  | 
| Potion of Invisibility | 1 |  | 
| Healing Salve | 1 |  | 
| Mechanical Critter | 1 |  | 
| Orb of Lightning | 1 |  | 
                9 total
  
               
              
              
NegerAUSPEITSCH (
purple | 14 APM | 13672 actions | 989:13)
              
 7 Mountain King 
 3 Storm Bolt
 3 Bash
 1 Avatar
 5 Paladin 
 2 Devotion Aura
 3 Holy Light
 
                » actions 
                
                | Assign group hotkey | 29 |  | 
| Basic commands | 48 |  | 
| Build / train | 110 |  | 
| ESC pressed | 6783 |  | 
| Enter build submenu | 25 |  | 
| Enter hero's abilities submenu | 12 |  | 
| Give item / drop item | 11 |  | 
| Right click | 3718 |  | 
| Select / deselect | 1356 |  | 
| Select group hotkey | 1269 |  | 
| Use ability | 309 |  | 
                13672 total
 » units 
                
                | Peasant | 31 |  | 
| Dragonhawk Rider | 11 |  | 
                42 total
 » upgrades
                
                | Masonry | 3 |  | 
| Armor | 3 |  | 
| Swords | 3 |  | 
| Cloud | 1 |  | 
| Magic Sentry | 1 |  | 
                11 total
 » buildings
                
                | Lumber Mill | 1 |  | 
| Altar of Kings | 1 |  | 
| Farm | 13 |  | 
| Scout Tower | 66 |  | 
| Guard Tower | 23 |  | 
| Town Hall | 2 |  | 
| Keep | 1 |  | 
| Blacksmith | 1 |  | 
| Castle | 1 |  | 
| Gryphon Aviary | 3 |  | 
| Arcane Vault | 1 |  | 
| Arcane Sanctum | 1 |  | 
| Arcane Tower | 2 |  | 
                116 total
 » build order
                00:15 Lumber Mill
00:28 Altar of Kings
00:43 Farm
00:45 Farm
00:46 Farm
01:20 Scout Tower
01:21 Scout Tower
01:23 Scout Tower
01:24 Scout Tower
01:25 Scout Tower
01:52 Guard Tower
02:20 Guard Tower
02:48 Guard Tower
03:28 Town Hall
03:36 Scout Tower
03:37 Scout Tower
03:38 Scout Tower
03:38 Scout Tower
03:38 Scout Tower
03:41 Scout Tower
03:55 Scout Tower
04:05 Guard Tower
04:25 Guard Tower
04:41 Guard Tower
04:43 Scout Tower
04:44 Scout Tower
04:45 Scout Tower
04:46 Scout Tower
04:46 Scout Tower
05:00 Scout Tower
05:00 Scout Tower
05:18 Guard Tower
05:20 Guard Tower
05:22 Scout Tower
05:22 Scout Tower
05:23 Scout Tower
05:24 Scout Tower
05:34 Guard Tower
05:37 Scout Tower
05:37 Scout Tower
05:44 Guard Tower
06:16 Keep
06:25 Guard Tower
07:03 Guard Tower
07:16 Guard Tower
07:30 Blacksmith
08:12 Guard Tower
08:20 Farm
08:20 Farm
08:22 Farm
08:28 Scout Tower
08:29 Scout Tower
08:31 Scout Tower
08:58 Castle
09:02 Gryphon Aviary
09:04 Gryphon Aviary
09:07 Gryphon Aviary
09:44 Guard Tower
10:42 Arcane Vault
11:50 Farm
11:50 Farm
11:50 Farm
11:54 Farm
11:54 Farm
13:02 Farm
13:02 Farm
16:36 Scout Tower
16:37 Scout Tower
16:37 Scout Tower
16:37 Scout Tower
16:38 Scout Tower
16:38 Scout Tower
16:39 Scout Tower
16:39 Scout Tower
16:39 Scout Tower
16:40 Scout Tower
16:40 Scout Tower
16:40 Scout Tower
16:40 Scout Tower
16:41 Scout Tower
16:41 Scout Tower
16:42 Scout Tower
17:46 Arcane Sanctum
17:49 Arcane Tower
18:39 Guard Tower
19:07 Town Hall
19:21 Guard Tower
19:24 Guard Tower
19:32 Guard Tower
20:08 Guard Tower
20:13 Scout Tower
20:14 Scout Tower
20:14 Scout Tower
20:15 Scout Tower
20:15 Scout Tower
20:18 Scout Tower
20:19 Scout Tower
20:19 Scout Tower
20:20 Scout Tower
20:36 Scout Tower
20:36 Scout Tower
20:38 Scout Tower
20:39 Scout Tower
21:30 Guard Tower
23:29 Guard Tower
25:24 Guard Tower
95:34 Arcane Tower
» items
                
                | Boots of Speed | 1 |  | 
| Healing Salve | 1 |  | 
| Lesser Clarity Potion | 2 |  | 
| Circlet of Nobility | 1 |  | 
| Staff of Teleportation | 2 |  | 
| Potion of Invisibility | 1 |  | 
| Orb of Lightning | 1 |  | 
| Tiny Great Hall | 1 |  | 
| Potion of Mana | 2 |  | 
| Staff of Sanctuary | 1 |  | 
| Scroll of Town Portal | 1 |  | 
                14 total
  
                Chat log
          (00:17 / All) NegerAUSPEITSCH: nigger
(00:23 / All) DuHurenbock: husos
(00:24 / All) eSiS.weezy: <3
(00:26 / All) eSiS.laeuft: wie gehts deinem penis?
(00:35 / All) Enis-dein-Vater: du bist mein penis
(00:39 / All) NegerAUSPEITSCH: ich Schlitz Dich auf wien nigger
(00:44 / All) eSiS.weezy: wien niggerß
(00:48 / All) eSiS.weezy: wie schlitzt ein niggeR ?
(00:51 / All) DuHurenbock: dreckshuso
(00:55 / All) eSiS.laeuft: helsinki neger?
(00:56 / All) NegerAUSPEITSCH: y
(00:57 / All) DuHurenbock: stinkender enis
(01:00 / All) Enis-dein-Vater: hurenkinder
(01:01 / All) eSiS.weezy: kindergarten vor life
(01:02 / All) NegerAUSPEITSCH: Schnauze nigger
(01:11 / All) NegerAUSPEITSCH: wenn ich nigger Sehen will geh ich in Den zoo
(01:29 / All) eSiS.weezy: Sehen groß
(01:38 / All) majobu: was hast du denn gegen afroamerikaner ?
(01:40 / All) eSiS.laeuft: nur weil du nen kleinen penis hast
(01:44 / All) NegerAUSPEITSCH: ugauga
(01:50 / All) NegerAUSPEITSCH: warum trägST DU ne maSke???
(02:04 / All) eSiS.weezy: WURDEST du etwas von nichtdeutschen in den arschgefickt ?
(02:07 / All) Enis-dein-Vater: damit niemand sieht das er schwarz ist
(02:09 / All) eSiS.weezy: und kansnt deswegen nicht schlafen ?
(02:14 / All) NegerAUSPEITSCH: ich hör nur ugaugauga
(02:18 / All) NegerAUSPEITSCH: reDET ARSICH
(02:25 / All) eSiS.weezy: arisch
(02:26 / All) eSiS.weezy: cool
(02:29 / All) eSiS.weezy: was ist arsich ?
(03:12 / All) eSiS.weezy: Habt ihr schon Haare am Sack?
(06:47 / All) NegerAUSPEITSCH: creept ihr auch?
(06:52 / All) NegerAUSPEITSCH: oDer SeiD ihr nur am wicShen
(06:53 / All) majobu: ne
(06:53 / All) eSiS.weezy: was ist das ?
(06:57 / All) majobu: zeitverschwendung
(08:00 / All) NegerAUSPEITSCH: gut gemacht mongo
(11:28 / All) DuHurenbock: serbische husos
(12:25 / All) DuHurenbock: dreckslagger
(12:25 / All) NegerAUSPEITSCH: blabla
(12:28 / All) Enis-dein-Vater: now u won
(12:32 / All) majobu: hahaahahaha
(12:35 / All) eSiS.weezy: coole typen
(12:42 / All) majobu: die nazis verliern am ende eh immer
(12:46 / All) majobu: aus der geschichte nichts gelernt ?
(18:59 / All) Enis-dein-Vater: lucky noobs
(19:04 / All) eSiS.weezy: ja dene mudder
(27:08 / All) NegerAUSPEITSCH: FLASCHE
(28:32 / All) NegerAUSPEITSCH: gg
(28:33 / All) NegerAUSPEITSCH: wp
(28:35 / All) NegerAUSPEITSCH: no chance
(28:46 / All) NegerAUSPEITSCH: too gooD
(28:54 / All) NegerAUSPEITSCH: can u give uS SOme aDvice ?
(29:02 / All) NegerAUSPEITSCH: how coulD you beat all the tower?
(29:12 / All) eSiS.laeuft: ss power
(29:18 / All) NegerAUSPEITSCH: Sagt mal bitte
(29:18 / All) Enis-dein-Vater: NIGGER
(29:21 / All) NegerAUSPEITSCH: wie geht DaS
(29:25 / All) NegerAUSPEITSCH: wir haben SO gut geSpielt
(29:29 / All) eSiS.weezy: Maul und leave
(29:30 / All) NegerAUSPEITSCH: aber wieSo verleiren wir
(29:35 / All) Enis-dein-Vater: gg
(29:41 / All) NegerAUSPEITSCH: können wir bitte Den win haben^^
(29:42 / All) NegerAUSPEITSCH: bitte
(29:44 / All) majobu: bin ma afk essen
(29:46 / All) NegerAUSPEITSCH: wir brauchen Den
(29:47 / All) majobu: bis gleich
(29:54 / All) NegerAUSPEITSCH: SinD uNSere real StatS
(32:03 / All) NegerAUSPEITSCH: plz
(32:10 / All) NegerAUSPEITSCH: Dont kick our laST burrow
(32:15 / All) NegerAUSPEITSCH: we neeD the winm
(32:23 / All) NegerAUSPEITSCH: ^^
(33:00 / All) NegerAUSPEITSCH: nette  wyrmS waren DaS
(33:56 / All) NegerAUSPEITSCH: waS iSt ein nigger vor gericht?
(34:00 / All) NegerAUSPEITSCH: SCHULDIG
(34:32 / All) majobu: dir ist schon klar dass ich das reporte
(34:36 / All) majobu: und du am 1. gebannt bist ?
(34:38 / All) NegerAUSPEITSCH: XD
(34:41 / All) NegerAUSPEITSCH: ja gerne
(34:44 / All) NegerAUSPEITSCH: LOS REPORTE DAS
(35:07 / All) Enis-dein-Vater: dir ist schon klar das ich reporte dass du ein huso bist oder?
(35:56 / All) NegerAUSPEITSCH: wirkt DaS nur So ?
(36:02 / All) NegerAUSPEITSCH: von hier oben Sieht DaS So auS
(36:08 / All) NegerAUSPEITSCH: alS wärt ihr erbärmlich Schlecht
(36:15 / All) NegerAUSPEITSCH: unD nigger
(36:24 / All) NegerAUSPEITSCH: Sieg heil 88 Style unD So weiter
(36:52 / All) eSiS.weezy: Ihr verliert doch eh
(36:55 / All) eSiS.weezy: was zieht ihr das denn so raus? 
(36:59 / All) eSiS.weezy: zeit verschwendung
(37:12 / All) NegerAUSPEITSCH: jo eure zeit
(37:22 / All) NegerAUSPEITSCH: wir wollen Den neuen rekorD
(37:27 / All) NegerAUSPEITSCH: Der alte awr 8 StunDen
(37:28 / All) DuHurenbock: so ihr dreckshuso könnt ihr endlich das lamen lassen?
(37:32 / All) NegerAUSPEITSCH: bitte haltet Durch
(37:36 / All) DuHurenbock: immer dasselbe mit euch
(44:53 / All) NegerAUSPEITSCH: gut gemacht
(46:30 / All) DuHurenbock: husos
(46:41 / All) eSiS.weezy: SAGTEST DU BEREITZ
(46:48 / All) DuHurenbock: dreckserbe
(46:50 / All) Enis-dein-Vater: biste aber immer noch
(47:03 / All) DuHurenbock: verschissener haufen vaio
(47:10 / All) Enis-dein-Vater: enissohn
(47:30 / Allies) Enis-dein-Vater: ^hört ihr mich noch?
(47:34 / Allies) Enis-dein-Vater: ^pfeifen?
(47:39 / Allies) DuHurenbock: nope
(47:59 / Allies) Enis-dein-Vater: #bb
(48:07 / All) NegerAUSPEITSCH: nigger unD So
(48:37 / All) majobu: a millie a millie a millie a millie a millie a millie a millie a mille
(48:48 / All) Enis-dein-Vater: y run nigger
(50:23 / All) eSiS.weezy: COOLER trick
(52:07 / Allies) Enis-dein-Vater: ^garstiger garn
(52:10 / Allies) DuHurenbock: ^^
(52:13 / Allies) NegerAUSPEITSCH: ^^
(52:16 / Allies) DuHurenbock: micro wieder im sarg
(52:21 / All) NegerAUSPEITSCH: 88 SIEG HEIL STYLE
(53:13 / All) NegerAUSPEITSCH: gut gemacht
(55:31 / Allies) Enis-dein-Vater: da 2 k
(55:39 / Allies) Enis-dein-Vater: y
(55:45 / Allies) Enis-dein-Vater: hören tu ich euch serben schon
(55:47 / Allies) DuHurenbock: haha
(56:06 / All) eSiS.weezy: kann man so viel langeweile haben ?
(56:10 / All) NegerAUSPEITSCH: viel
(56:18 / All) Enis-dein-Vater: wir haben noch mehr
(56:20 / All) NegerAUSPEITSCH: wie Schlecht kann man Sein???
(56:25 / All) Enis-dein-Vater: sollte noch für 3 tage reichen
(57:41 / All) NegerAUSPEITSCH: ihr habt echt nur Schrott
(57:49 / Allies) Enis-dein-Vater: waren mehr als 8
(57:51 / Allies) Enis-dein-Vater: 15
(57:52 / Allies) Enis-dein-Vater: min
(59:33 / Allies) Enis-dein-Vater: b
(59:38 / Allies) Enis-dein-Vater: im sarg
(60:16 / All) NegerAUSPEITSCH: ganz Souverän
(60:31 / All) NegerAUSPEITSCH: Da iSt mein pulS nicht mal hochgegangen
(60:48 / All) NegerAUSPEITSCH: uD aboS
(60:51 / All) NegerAUSPEITSCH: gute unit
(60:52 / Allies) Enis-dein-Vater: las
(60:53 / Allies) Enis-dein-Vater: s
(60:55 / All) NegerAUSPEITSCH: helfen ne menge
(63:26 / Allies) Enis-dein-Vater: was war mit vater?
(63:45 / All) NegerAUSPEITSCH: wie Schwach
(63:50 / Allies) Enis-dein-Vater: wollt ihr die besuchen?
(63:53 / All) eSiS.weezy: mal sehen wer länger wach bleibt
(63:58 / All) NegerAUSPEITSCH: jo
(64:08 / All) NegerAUSPEITSCH: 8 StunDen iSt rekord#
(66:31 / Allies) Enis-dein-Vater: lass
(66:46 / Allies) Enis-dein-Vater: der wird sich rächen
(67:30 / Allies) Enis-dein-Vater: mein garg down
(67:37 / All) majobu: :)
(67:45 / Allies) Enis-dein-Vater: konnt nix machen
(67:46 / Allies) Enis-dein-Vater: war mass
(67:55 / Allies) Enis-dein-Vater: y
(67:58 / Allies) Enis-dein-Vater: hab staff gesehn
(68:03 / Allies) Enis-dein-Vater: bin ich in die lust gegangen
(68:07 / Allies) Enis-dein-Vater: kahmen hippos
(68:11 / Allies) Enis-dein-Vater: öuft
(68:13 / Allies) Enis-dein-Vater: luft
(68:14 / Allies) Enis-dein-Vater: ^^
(68:18 / Allies) Enis-dein-Vater: du hure
(68:23 / Allies) NegerAUSPEITSCH: ^^
(68:34 / Allies) Enis-dein-Vater: b
(68:58 / Allies) Enis-dein-Vater: mk hat mana
(68:58 / All) NegerAUSPEITSCH: 1 , 2, 3, ARSCHFICK
(69:00 / Allies) Enis-dein-Vater: bb
(69:13 / Allies) Enis-dein-Vater: mk
(70:01 / All) NegerAUSPEITSCH: ELVIS HAT DAS GEBÄUDE VERLASSEN
(70:49 / All) NegerAUSPEITSCH: am arSch
(70:54 / All) DuHurenbock: dreckshusos
(71:08 / All) NegerAUSPEITSCH: wo iSt Der am^^
(71:16 / All) Enis-dein-Vater: im sarg
(74:10 / Allies) Enis-dein-Vater: geb doch pala den staff
(74:18 / Allies) Enis-dein-Vater: der kann sich im notfall unverwundbar machen
(74:38 / Allies) Enis-dein-Vater: ^
(75:09 / Allies) Enis-dein-Vater: sagtest du hast laggs
(75:13 / Allies) Enis-dein-Vater: und jetzt meckern
(75:23 / Allies) DuHurenbock: ^^
(75:28 / All) DuHurenbock: serbische hurensöhne
(75:33 / All) majobu: exakt
(75:40 / All) Enis-dein-Vater: oder doch syrische?
(75:44 / All) NegerAUSPEITSCH: nigger
(75:46 / All) DuHurenbock: SÜR
(75:50 / Allies) Enis-dein-Vater: SÜR
(75:55 / All) Enis-dein-Vater: SÜR
(77:23 / Allies) Enis-dein-Vater: marci help shade
(79:13 / Allies) Enis-dein-Vater: shade kommt
(82:31 / All) majobu: anfängerfehler
(84:29 / Allies) Enis-dein-Vater: doch
(84:32 / Allies) Enis-dein-Vater: mit wolke
(84:37 / Allies) Enis-dein-Vater: verecken die tower
(86:09 / Allies) Enis-dein-Vater: verkauf deine sachen
(86:12 / Allies) Enis-dein-Vater: dann am ende
(86:14 / Allies) Enis-dein-Vater: fürn tinker
(91:15 / All) eSiS.weezy: ficker
(91:21 / All) Enis-dein-Vater: huso
(91:30 / All) NegerAUSPEITSCH: hör auf affengeräuSche zu machen
(91:39 / All) majobu: soll ich euch was sagen ?
(91:41 / All) majobu: ich bin schwarz
(91:43 / All) majobu: also in echt
(91:47 / All) DuHurenbock: dreckshuso
(91:48 / All) eSiS.weezy: ihr verliert
(91:48 / All) NegerAUSPEITSCH: weiß ich
(91:49 / All) majobu: und ich hab kein problem damit
(91:54 / All) NegerAUSPEITSCH: igitt
(92:03 / All) DuHurenbock: baah
(92:06 / All) Enis-dein-Vater: drecksnigger
(92:08 / All) DuHurenbock: dreckshuso
(92:15 / All) NegerAUSPEITSCH: ich finDe Schwarze ekelhaft
(92:20 / All) majobu: wieso ?
(92:21 / All) DuHurenbock: immer müsst ihr lamen
(92:25 / All) DuHurenbock: stinken
(92:25 / All) NegerAUSPEITSCH: SO Dreckig
(92:34 / All) majobu: ich hab ein deo aus der apotheke ich stinke nicht
(92:42 / All) DuHurenbock: doch nach scheiße
(92:48 / All) NegerAUSPEITSCH: ES gibt flecken Die gehen nicht wieDer rauS
(92:55 / All) DuHurenbock: da bringt das deo auch nix
(93:00 / All) DuHurenbock: lass dich bleichen
(93:37 / Allies) Enis-dein-Vater: arsch
(95:06 / Allies) Enis-dein-Vater: haste nochn guten film als stream?
(95:08 / Allies) Enis-dein-Vater: vergis?
(95:13 / Allies) DuHurenbock: ne eig net
(95:13 / All) eSiS.weezy: GESPANNT WIE ihr uns noch ficken wollt
(95:50 / All) NegerAUSPEITSCH: bin geSpannt ob ihr Den rechner auch Die ganze nacht anlaSSt
(95:56 / Allies) Enis-dein-Vater: slat3r schreibt auch schon SÜR^^
(95:57 / All) eSiS.weezy: np
(96:00 / All) DuHurenbock: 8 jahre lang
(96:00 / All) eSiS.weezy: auch bis morgen mittag
(96:01 / Allies) NegerAUSPEITSCH: xD
(96:02 / Allies) Enis-dein-Vater: werden immer mehr syrer^^
(96:09 / All) NegerAUSPEITSCH: ihr heult gleich
(96:16 / All) majobu: ich bin schwarz, ich bezahl eh keine stromrechnung
(96:31 / All) Enis-dein-Vater: doch du wirst mit deinem leben bezahlen
(96:33 / All) eSiS.weezy: ich nehme dir deinen bildungs/arbeitsplatzweg
(96:38 / All) majobu: genau
(97:05 / All) majobu: außerdem is mein penis länger als eure 3 zusammen
(97:12 / All) majobu: ich krieg kein sonnenbrand
(97:24 / All) Enis-dein-Vater: du bist schon verbrannt
(98:00 / Allies) Enis-dein-Vater: y
(98:41 / Allies) Enis-dein-Vater: was haltet ihr davon einen lamerclan aufzumachen?
(98:46 / Allies) DuHurenbock: gut
(98:55 / All) majobu: lala ich krieg auch noch hartz 4
(98:58 / All) majobu: was ihr mir bezahlt
(99:00 / All) majobu: und eure eltern
(99:04 / All) DuHurenbock: ja is gut huso gute nacht
(99:04 / All) majobu: ich lebe auf eure kosten
(99:07 / All) majobu: krieg euer geld
(99:11 / All) Enis-dein-Vater: ist doch ok
(99:13 / All) majobu: geil
(99:25 / All) Enis-dein-Vater: wir haben ja kein problem mit ausengeländern
(99:26 / All) majobu: und ihr könnt nichts gegen machen
(99:34 / All) majobu: weil ihr nichts zu sagen habt in deutschland
(100:12 / Allies) Enis-dein-Vater: e
(100:14 / Allies) Enis-dein-Vater: ne
(100:17 / Allies) Enis-dein-Vater: stecken lassen
(100:22 / Allies) Enis-dein-Vater: die sollen lieber angst haben
(100:41 / Allies) Enis-dein-Vater: y
(100:45 / Allies) Enis-dein-Vater: bin mal in windows
(100:48 / Allies) Enis-dein-Vater: gn8
(101:01 / Allies) Enis-dein-Vater: ne
(101:04 / Allies) Enis-dein-Vater: nicht rausgehen
(101:09 / Allies) NegerAUSPEITSCH: klar
(101:11 / Allies) NegerAUSPEITSCH: gn8 dani
(101:15 / Allies) NegerAUSPEITSCH: bye
(101:16 / All) DuHurenbock: haha lacker
(101:21 / All) DuHurenbock: huso
(101:25 / Allies) NegerAUSPEITSCH: cucu
(101:27 / Allies) DuHurenbock: vucu
(101:28 / Allies) DuHurenbock: ^^
(101:32 / Allies) NegerAUSPEITSCH: obwohl
(101:39 / Allies) NegerAUSPEITSCH: soll ich den garg klatschen?
(101:43 / Allies) DuHurenbock: ^^
(101:46 / Allies) NegerAUSPEITSCH: um ganz sicher zu gehen
(101:50 / Allies) DuHurenbock: y
(101:54 / Allies) NegerAUSPEITSCH: dass der sich hier niemals hinstafft
(101:55 / Allies) NegerAUSPEITSCH: kk
(102:00 / Allies) NegerAUSPEITSCH: ne^^
(102:03 / Allies) Enis-dein-Vater: der
(102:04 / Allies) NegerAUSPEITSCH: nimm den bat^^
(102:07 / Allies) Enis-dein-Vater: hat doch gar keinen hero
(102:10 / Allies) Enis-dein-Vater: zum staffen
(102:13 / Allies) NegerAUSPEITSCH: doch m
(102:14 / Allies) DuHurenbock: troll^^
(102:14 / Allies) NegerAUSPEITSCH: am
(102:23 / Allies) NegerAUSPEITSCH: ich mach schon
(102:27 / Allies) DuHurenbock: gut
(102:34 / All) majobu: so ich verabschiede mich
(102:37 / All) NegerAUSPEITSCH: gn8
(102:41 / All) Enis-dein-Vater: gn8
(102:42 / Allies) DuHurenbock: denke der stierbt
(102:44 / All) Enis-dein-Vater: schlaf gut
(102:44 / All) majobu: ich geh mal deine freundin knallen
(102:47 / All) majobu: mit meinem negerpenis
(102:55 / All) Enis-dein-Vater: morgen harte arbeit beim baumwollepflücken
(103:00 / All) DuHurenbock: den sc
(103:00 / Allies) NegerAUSPEITSCH: pffff
(103:02 / Allies) DuHurenbock: fu
(103:06 / Allies) NegerAUSPEITSCH: fuck
(103:12 / Allies) NegerAUSPEITSCH: hätte eine wolke holen müssen
(103:19 / Allies) NegerAUSPEITSCH: sry
(103:21 / Allies) DuHurenbock: ehrlich der hat eh keine chanche
(103:25 / Allies) DuHurenbock: auch mit tp
(103:26 / Allies) NegerAUSPEITSCH: jo stimmt
(103:39 / Allies) NegerAUSPEITSCH: kk off gehen
(103:40 / Allies) NegerAUSPEITSCH: gn8
(103:44 / Allies) NegerAUSPEITSCH: ich mach monitor aus
(103:46 / Allies) DuHurenbock: cuuc
(103:56 / Allies) Enis-dein-Vater: cu
(104:53 / Allies) DuHurenbock: nana
(104:54 / Allies) DuHurenbock: ^^
(105:50 / All) DuHurenbock: na du huso
(106:25 / All) eSiS.weezy: wir haben tower im wert von 4000 gold
(106:26 / All) eSiS.weezy: ihr so ?
(106:34 / All) eSiS.weezy: kommt ihr ruhig mal her
(106:42 / All) eSiS.weezy: wenn ihr noch was mit euren heros ficken wollt
(106:46 / All) eSiS.weezy: Links unten in der ecke
(106:51 / All) eSiS.weezy: 3 gebäude
(106:53 / All) eSiS.weezy: 5 worker
(106:58 / All) eSiS.weezy: + kleinkram
(107:27 / All) Enis-dein-Vater: haha
(107:29 / All) Enis-dein-Vater: noob
(107:33 / All) eSiS.weezy: wir brauchen ihn nicht
(107:36 / All) eSiS.weezy: wollten nur gucken was da abgeht
(107:41 / All) Enis-dein-Vater: doch zum porten
(107:44 / All) Enis-dein-Vater: ich kenn euch nigger
(107:47 / All) eSiS.weezy: was wollen wir porten ?
(107:51 / Allies) Enis-dein-Vater: am
(107:52 / All) eSiS.weezy: 4 sniper + arcmage
(107:53 / All) Enis-dein-Vater: am
(107:54 / All) eSiS.weezy: niceshice
(108:49 / All) majobu: aber euren heroes gehts gut da unten ?
(108:59 / All) eSiS.weezy: KILLT bitte wenigstens noch den feed da unten
(109:02 / All) Enis-dein-Vater: kommen wenn die nigger schlafen
(109:13 / All) Enis-dein-Vater: dann beginnt die herrschaft der arischen rasse
(109:29 / All) eSiS.weezy: KLIngt lustig
(110:54 / All) majobu: warte
(114:06 / All) DuHurenbock: haha
(114:09 / All) DuHurenbock: huso
(114:11 / All) eSiS.weezy: die gehen beide
(114:14 / All) eSiS.weezy: ihr vs mich
(114:27 / Allies) DuHurenbock: dani
(114:32 / Allies) Enis-dein-Vater: y?
(114:47 / Allies) DuHurenbock: ich tp mich mit pala?
(114:56 / Allies) DuHurenbock: ich weiß wie
(115:03 / Allies) Enis-dein-Vater: wie?
(115:05 / Allies) DuHurenbock: mk gibt den orb zum pala
(115:12 / Allies) DuHurenbock: und mk tp
(115:18 / Allies) Enis-dein-Vater: und dann?
(115:19 / All) eSiS.weezy: so
(115:21 / All) eSiS.weezy: viel spaß
(115:23 / All) eSiS.weezy: bin pennen
(115:35 / Allies) Enis-dein-Vater: ich mach mal weiter
(115:44 / Allies) Enis-dein-Vater: und nun?
(115:57 / Allies) Enis-dein-Vater: w8 auf pala
(116:59 / Allies) DuHurenbock: ?
(117:23 / Allies) Enis-dein-Vater: air b
(117:31 / Allies) Enis-dein-Vater: man
(117:35 / Allies) DuHurenbock: ichmach nix
(117:37 / Allies) DuHurenbock: ehrlich
(117:42 / Allies) Enis-dein-Vater: lass air
(117:45 / Allies) DuHurenbock: ich mach nix
(117:48 / Allies) DuHurenbock: nur schreiben
(117:51 / Allies) Enis-dein-Vater: lass es
(117:58 / Allies) DuHurenbock: ICH MACH NIX
(117:58 / Allies) NegerAUSPEITSCH: xDDD
(117:59 / Allies) Enis-dein-Vater: #geh in windows
(118:01 / Allies) NegerAUSPEITSCH: verarscht
(118:02 / Allies) NegerAUSPEITSCH: xDDD
(118:03 / Allies) Enis-dein-Vater: #^^
(118:04 / Allies) NegerAUSPEITSCH: sry^^
(118:06 / Allies) Enis-dein-Vater: du arsch
(118:10 / Allies) NegerAUSPEITSCH: was
(118:13 / Allies) NegerAUSPEITSCH: der garg ist down?
(118:15 / Allies) Enis-dein-Vater: junge
(118:15 / Allies) NegerAUSPEITSCH: saugut
(118:21 / Allies) Enis-dein-Vater: y
(118:24 / Allies) NegerAUSPEITSCH: ich nhem das air
(118:26 / Allies) NegerAUSPEITSCH: keine sorge
(119:22 / Allies) DuHurenbock: DIE SIND DA
(119:28 / Allies) NegerAUSPEITSCH: wo?
(119:35 / Allies) Enis-dein-Vater: anwesend 
(119:36 / Allies) Enis-dein-Vater: halt
(119:37 / Allies) DuHurenbock: y
(119:38 / Allies) NegerAUSPEITSCH: kk
(119:44 / Allies) NegerAUSPEITSCH: so war nur kurz gucken
(119:46 / Allies) NegerAUSPEITSCH: geh mal wieder
(119:49 / Allies) DuHurenbock: ^^
(119:53 / Allies) NegerAUSPEITSCH: schickt air back und so
(119:54 / Allies) NegerAUSPEITSCH: bye
(119:55 / Allies) NegerAUSPEITSCH: gn8
(119:56 / Allies) NegerAUSPEITSCH: btw
(119:59 / Allies) NegerAUSPEITSCH: nice lame leute
(120:02 / Allies) DuHurenbock: dir auch
(120:02 / Allies) DuHurenbock: ^^
(120:03 / Allies) NegerAUSPEITSCH: ich bin stolz auf euch
(120:07 / Allies) DuHurenbock: :)
(120:52 / Allies) Enis-dein-Vater: hätte ne neue idee
(120:54 / Allies) Enis-dein-Vater: für lame
(120:56 / Allies) Enis-dein-Vater: mit ne
(121:00 / Allies) Enis-dein-Vater: mass dryaden bauen
(121:04 / Allies) Enis-dein-Vater: und die dann hochporten
(121:12 / Allies) DuHurenbock: hmm
(121:54 / Allies) DuHurenbock: wieso sehen wir die net^^,
(122:02 / Allies) Enis-dein-Vater: tun wir doch
(122:08 / Allies) Enis-dein-Vater: aber nur gebäude
(122:10 / Allies) Enis-dein-Vater: keine units
(122:19 / Allies) DuHurenbock: aso
(123:57 / Allies) DuHurenbock: ^^
(124:32 / Allies) Enis-dein-Vater: lol
(124:38 / Allies) Enis-dein-Vater: das geht auch auf eigene
(124:44 / Allies) Enis-dein-Vater: lass es lieber
(124:52 / Allies) DuHurenbock: ^^
(126:34 / Allies) DuHurenbock: für den bm brauch ich 1020 gold
(126:36 / Allies) DuHurenbock: oO
(126:40 / Allies) DuHurenbock: und 240 wood
(127:10 / Allies) Enis-dein-Vater: y kannste knicken
(127:33 / Allies) Enis-dein-Vater: weil der bm würde uns auch nicht helfen
(127:37 / Allies) DuHurenbock: y
(127:46 / Allies) Enis-dein-Vater: bräüchten
(127:48 / Allies) Enis-dein-Vater: nen tinker
(128:03 / Allies) DuHurenbock: why`?
(128:13 / Allies) Enis-dein-Vater: der kann fabrik hochwerfen
(128:15 / Allies) DuHurenbock: ^^
(128:16 / Allies) Enis-dein-Vater: und dann staffen
(128:32 / Allies) Enis-dein-Vater: haben aber keinen altar
(128:52 / Allies) DuHurenbock: könnte er bauen
(129:04 / Allies) Enis-dein-Vater: dann hätten wir nicht genug gold
(129:08 / Allies) Enis-dein-Vater: wenn wir itms verkaufen
(129:09 / Allies) DuHurenbock: fuck
(129:10 / Allies) DuHurenbock: y
(129:26 / Allies) DuHurenbock: ,naja gehn wir schlafen?
(129:29 / Allies) Enis-dein-Vater: oder hast du noch?
(129:31 / Allies) Enis-dein-Vater: y
(129:40 / Allies) DuHurenbock: hab auch nix mehr
(129:47 / Allies) DuHurenbock: mein bmhatte noch gegensände
(129:56 / Allies) DuHurenbock: der hätte net down gehn dürfen
(129:59 / Allies) Enis-dein-Vater: der zu teuer
(130:39 / Allies) DuHurenbock: naja gn8 dann
(130:42 / Allies) DuHurenbock: cucu
(130:43 / Allies) Enis-dein-Vater: gn8
(130:45 / Allies) Enis-dein-Vater: cu
(130:48 / Allies) Enis-dein-Vater: lass aber an
(130:50 / Allies) DuHurenbock: y
(130:53 / Allies) Enis-dein-Vater: lamer leaven nicht
(130:54 / Allies) Enis-dein-Vater: ^^
(130:57 / Allies) DuHurenbock: ^^
(131:01 / Allies) DuHurenbock: das wird ein guter lame
(131:12 / Allies) DuHurenbock: cu
(132:21 / Allies) DuHurenbock: oO
(137:28 / Allies) DuHurenbock: hehe
(137:33 / Allies) DuHurenbock: bin auf das replay gespannt
(137:34 / Allies) DuHurenbock: ^^
(137:37 / Allies) Enis-dein-Vater: ^^
(137:43 / Allies) DuHurenbock: das wird angeguckt
(137:44 / Allies) DuHurenbock: ^^
(137:57 / Allies) Enis-dein-Vater: in halber geschwindigkeit
(138:05 / Allies) DuHurenbock: y
(138:30 / Allies) DuHurenbock: wtte mit dir der leavt so um 2 oder 3
(138:50 / Allies) Enis-dein-Vater: ne der wird pennen
(140:11 / Allies) DuHurenbock: nanan
(140:13 / Allies) DuHurenbock: lass meinen sh
(140:14 / Allies) DuHurenbock: ^^
(140:44 / Allies) DuHurenbock: oha sogar der schlange schutz
(140:47 / Allies) DuHurenbock: geht da net
(140:56 / Allies) DuHurenbock: ^^
(602:14 / All) NegerAUSPEITSCH: THE PRISONER WISHES TO SAY A WORD
(602:24 / All) NegerAUSPEITSCH: LAAAAAAAAAAAAAAAAAAAAAAAAAAAAAAAAAAAAAAAAAAAAAAAAAAAAAAAAAAAAAAAAAAAAAAAMMMMMMMMMMMMMMEEEEEEEEEEEEEEEEEEEEEEEEEEEEEEEEEEEEEEEEE